 Dungeon Crawl Stone Soup version 0.29.1-1-gd02db6906a (webtiles) character file.

Game seed: 7760026703275373027

371 DemonSlayer the Firebug (level 6, -2/42 HPs)
             Began as a Demonspawn Fire Elementalist on Oct 4, 2022.
             Slain by an orc priest
             ... wielding a +1 short sword of electrocution
              (16 damage)
             ... on level 3 of the Dungeon.
             The game lasted 00:05:33 (3253 turns).

DemonSlayer the Firebug (DsFE)                      Turns: 3253, Time: 00:05:35

Health: -2/42      AC:  3    Str:  9    XL:     6   Next: 42%
Magic:  3/11       EV: 12    Int: 18    God:
Gold:   111        SH:  0    Dex: 13    Spells: 2/12 levels left

rFire   . . .      SeeInvis .   b - +3 dagger
rCold   . . .      Faith    .   (no shield)
rNeg    . . .      Spirit   .   a - +0 robe
rPois   .          Reflect  .   h - +0 helmet
rElec   .          Harm     .   (no cloak)
rCorr   .          Rampage  .   (no gloves)
Will    .....                   (no boots)
Stlth   ++........              d - amulet of the acrobat
HPRegen 1.14/turn               (no ring)
MPRegen 0.24/turn               (no ring)

@: no status effects
A: powered by death 1, magic regeneration, no potion heal 1
a: no special abilities


You were on level 3 of the Dungeon.
You visited 1 branch of the dungeon, and saw 3 of its levels.

You collected 111 gold pieces.

Inventory:

Hand Weapons
 b - a +3 dagger (weapon)
Armour
 a - a +0 robe (worn)
 h - a +0 helmet (worn)
Jewellery
 d - an amulet of the acrobat (around neck)
 k - an amulet of faith
Scrolls
 e - 2 scrolls of fog
 g - a scroll of enchant armour
 j - 3 scrolls of teleportation
Potions
 f - a potion of attraction


   Skills:
 + Level 0.7 Fighting
 + Level 1.0 Short Blades
 + Level 2.1 Dodging
 + Level 2.9 Stealth
 + Level 3.6 Spellcasting
 + Level 2.3 Conjurations
 + Level 4.4 Fire Magic


You had 2 spell levels left.
You knew the following spells:

 Your Spells              Type           Power      Damage    Failure   Level
a - Foxfire               Conj/Fire      60%        2x1d7     3%          1
b - Scorch                Fire           38%        2d6       3%          2
c - Conjure Flame         Conj/Fire      15%        6-21      12%         3
d - Flame Wave            Conj/Fire      15%        2d7       36%         4

Your spell library contained the following spells:

 Spells                   Type           Power      Damage    Failure   Level
 Ensorcelled Hibernation  Hex/Ice        6%         N/A       22%         2
 Passwall                 Tmut/Erth      2%         N/A       22%         2
 Inner Flame              Hex/Fire       11%        N/A       19%         3
 Ignite Poison            Fire/Tmut/Pois 8%         N/A       26%         3
 Mephitic Cloud           Conj/Pois/Air  6%         N/A       32%         3
 Swiftness                Air            3%         N/A       41%         3
 Freezing Cloud           Conj/Ice/Air   3%         6-21      97%         5


Dungeon Overview and Level Annotations

Branches:
Dungeon (3/15)

Altars:


Innate Abilities, Weirdness & Mutations

You regenerate a little health from kills.
You regenerate magic rapidly.
Potions are less effective at restoring your health.


Message History

The orc wizard shouts!
You hear a shout!
An orc wizard is nearby!
An orc wizard is nearby!
An orc wizard is nearby!
An orc wizard is nearby!
Flames lash the orc wizard.
The orc wizard is burned terribly!
The orc wizard is severely wounded.
The orc wizard's fire resistance burns away.
You hear a shout! x3
An orc comes into view. It is wielding a +0 whip of venom.
The orc wizard closely misses you.
Flames lash the orc wizard.
The orc wizard is burned terribly!
You kill the orc wizard! 2 orc priests come into view.
An orc priest is wielding a +1 short sword of electrocution.
The orc priest calls down the wrath of Beogh upon you.
Beogh smites you!
You hear a shout!
Items here: ) = [ †.
Flames lash the orc.
The orc is heavily wounded.
The orc's fire resistance burns away.
Flames lash the orc priest.
The orc priest is heavily wounded.
The orc priest's fire resistance burns away.
Flames lash the orc.
The orc is burned terribly!
You kill the orc!
The orc priest mumbles some strange prayers to Beogh against you.
Beogh smites you! The orc priest closely misses you.
You are too injured to fight recklessly!
You are too injured to fight recklessly!
You are too injured to fight recklessly!
You are too injured to fight recklessly!
Your system partially rejects the healing.
You feel better.
An orc comes into view. It is wielding a +0 mace.
The orc priest hits you with a +0 club.
The orc priest hits you with a +1 short sword of electrocution.
You are electrocuted!
You die...

......###....##....##........#P~~
........'.....#....#..........~PP
........#..†.........#......~PP~♣
........##.##......#####...#PP~~≈
###.################ #...).~~♣♣
.##.#.#.###.#.#.#.# ######..PP~≈≈
....#...##.....#..#...## #.†P~P~~
....##........#.#o.....# ##..P.PP
....#.......##..@o....# #.....P
................)......o #......
....#######################......
......# #.......<.. ###...#
..##....†.. # #.### .......).. #
#.# ........... #.# ...........
..# ....##.....


You could see 2 orc priests and an orc.

Vanquished Creatures
  Sigmund (D:2)
  A scorpion (D:3)
  A jelly (D:3)
  Jessica (D:3)
  An orc wizard (D:3)
  An adder (D:2)
  A worm (D:2)
  An orc (D:3)
  5 endoplasms
  A giant cockroach (D:2)
  9 goblins
  5 hobgoblins
  2 jackals (D:2)
  7 kobolds
  2 quokkas
  2 ball pythons
  10 bats
  4 frilled lizards (D:1)
  5 rats
60 creatures vanquished.

Vanquished Creatures (others)
  109 foxfires
  A plant (D:3)
110 creatures vanquished.

Grand Total: 170 creatures vanquished

Notes
Turn   | Place    | Note
-------+----------+-------------------------------------------
     0 | D:1      | DemonSlayer the Demonspawn Fire Elementalist began the
                  | quest for the Orb.
     0 | D:1      | Reached XP level 1. HP: 13/13 MP: 3/3
    91 | D:1      | Reached skill level 3 in Fire Magic
   177 | D:1      | Gained mutation: You regenerate magic rapidly. [demonic
                  | ancestry]
   177 | D:1      | Reached XP level 2. HP: 14/19 MP: 0/5
   640 | D:1      | Learned a level 2 spell: Scorch
  1245 | D:1      | Reached XP level 3. HP: 24/24 MP: 6/6
  1500 | D:1      | Learned a level 3 spell: Conjure Flame
  1818 | D:2      | Noticed Sigmund
  1832 | D:2      | Gained mutation: Potions are less effective at restoring
                  | your health. [potion of mutation]
  1838 | D:2      | Killed Sigmund
  1839 | D:2      | Reached skill level 4 in Fire Magic
  1839 | D:2      | Reached XP level 4. HP: 17/31 MP: 0/8
  1839 | D:2      | Reached XP level 5. HP: 20/36 MP: 0/9
  2911 | D:2      | Learned a level 4 spell: Flame Wave
  2965 | D:3      | Reached skill level 1 in Short Blades
  2965 | D:3      | Gained mutation: You regenerate a little health from kills.
                  | [demonic ancestry]
  2965 | D:3      | Reached XP level 6. HP: 35/42 MP: 1/10
  3054 | D:3      | Noticed Jessica
  3059 | D:3      | Killed Jessica
  3253 | D:3      | Slain by an orc priest

Illustrated notes

Levels and vault maps discovered:
D:1:      spicycebolla_arrival_ecumenical, layout_basic
D:2:      layout_loops_corners, uniq_sigmund
D:3:      layout_basic, nicolae_hepliaklqana_hippocampus, minmay_misc_feat_iff,
          grunt_ministairs_12, hangedman_decor_clover_reticule,
          chequers_decorated_corner, kennysheep_small_spiral,
          serial_bayou_lagoon_a, minivault_26, minmay_misc_feat_rugged,
          dk_noncrumbling_4, supply_closet_lemuel, uniq_jessica

Skill      XL: |  1  2  3  4  5 |
---------------+----------------+-----
Fire Magic     | 3 4 |  4.4
Stealth        | 2 |  2.9
Dodging        | 2 |  2.1
Spellcasting   | 3 |  3.6
Conjurations   | 2 |  2.3
Short Blades   | 1 |  1.0
Fighting       | |  0.7

Action                   |  1- 3 |  4- 6 || total
-------------------------+-------+-------++-------
Melee: Unarmed           |     5 |       ||     5
       Dagger            |    32 |    18 ||    50
 Cast: Foxfire           |    64 |    12 ||    76
       Scorch            |     1 |    27 ||    28
  Use: Potion            |     6 |     1 ||     7
       Scroll            |       |     5 ||     5
 Stab: Sleeping          |     5 |     3 ||     8
Armor: Robe              |     7 |     6 ||    13
Dodge: Dodged            |    41 |    27 ||    68
